%YAML 1.1
%TAG !u! tag:unity3d.com,2011:
--- !u!1 &360535326985015165
GameObject:
  m_ObjectHideFlags: 0
  m_CorrespondingSourceObject: {fileID: 0}
  m_PrefabInstance: {fileID: 0}
  m_PrefabAsset: {fileID: 0}
  serializedVersion: 6
  m_Component:
  - component: {fileID: 4068772527054407210}
  m_Layer: 0
  m_Name: VRTK_Hand_Bone_Ring_5_end_end
  m_TagString: Untagged
  m_Icon: {fileID: 0}
  m_NavMeshLayer: 0
  m_StaticEditorFlags: 0
  m_IsActive: 1
--- !u!4 &4068772527054407210
Transform:
  m_ObjectHideFlags: 0
  m_CorrespondingSourceObject: {fileID: 0}
  m_PrefabInstance: {fileID: 0}
  m_PrefabAsset: {fileID: 0}
  m_GameObject: {fileID: 360535326985015165}
  m_LocalRotation: {x: 0, y: -0, z: -0, w: 1}
  m_LocalPosition: {x: -0, y: 0.00027919264, z: 0}
  m_LocalScale: {x: 1, y: 1, z: 1}
  m_Children: []
  m_Father: {fileID: 8603441868085065748}
  m_RootOrder: 0
  m_LocalEulerAnglesHint: {x: 0, y: 0, z: 0}
--- !u!1 &522556193036970919
GameObject:
  m_ObjectHideFlags: 0
  m_CorrespondingSourceObject: {fileID: 0}
  m_PrefabInstance: {fileID: 0}
  m_PrefabAsset: {fileID: 0}
  serializedVersion: 6
  m_Component:
  - component: {fileID: 3344362859496541228}
  m_Layer: 0
  m_Name: VRTK_Hand_Bone_Index_5
  m_TagString: Untagged
  m_Icon: {fileID: 0}
  m_NavMeshLayer: 0
  m_StaticEditorFlags: 0
  m_IsActive: 1
--- !u!4 &3344362859496541228
Transform:
  m_ObjectHideFlags: 0
  m_CorrespondingSourceObject: {fileID: 0}
  m_PrefabInstance: {fileID: 0}
  m_PrefabAsset: {fileID: 0}
  m_GameObject: {fileID: 522556193036970919}
  m_LocalRotation: {x: 0.050614458, y: -0.032404605, z: 0.0062141, w: 0.9981731}
  m_LocalPosition: {x: -2.237357e-12, y: 0.00028243574, z: -9.3132255e-12}
  m_LocalScale: {x: 0.9999998, y: 0.9999996, z: 0.9999998}
  m_Children:
  - {fileID: 5673487009677815226}
  m_Father: {fileID: 4230064153169709347}
  m_RootOrder: 0
  m_LocalEulerAnglesHint: {x: 0, y: 0, z: 0}
--- !u!1 &1450369064279802567
GameObject:
  m_ObjectHideFlags: 0
  m_CorrespondingSourceObject: {fileID: 0}
  m_PrefabInstance: {fileID: 0}
  m_PrefabAsset: {fileID: 0}
  serializedVersion: 6
  m_Component:
  - component: {fileID: 8906197348778049096}
  m_Layer: 0
  m_Name: VRTK_Hand_Bone_Ring_5
  m_TagString: Untagged
  m_Icon: {fileID: 0}
  m_NavMeshLayer: 0
  m_StaticEditorFlags: 0
  m_IsActive: 1
--- !u!4 &8906197348778049096
Transform:
  m_ObjectHideFlags: 0
  m_CorrespondingSourceObject: {fileID: 0}
  m_PrefabInstance: {fileID: 0}
  m_PrefabAsset: {fileID: 0}
  m_GameObject: {fileID: 1450369064279802567}
  m_LocalRotation: {x: -0.0075907297, y: 0.013886291, z: -0.016617335, w: 0.99973667}
  m_LocalPosition: {x: -5.784386e-11, y: 0.00029317715, z: -2.7939677e-11}
  m_LocalScale: {x: 1.0000001, y: 0.99999994, z: 1.0000004}
  m_Children:
  - {fileID: 8603441868085065748}
  m_Father: {fileID: 819957753443330258}
  m_RootOrder: 0
  m_LocalEulerAnglesHint: {x: 0, y: 0, z: 0}
--- !u!1 &1872397915252388134
GameObject:
  m_ObjectHideFlags: 0
  m_CorrespondingSourceObject: {fileID: 0}
  m_PrefabInstance: {fileID: 0}
  m_PrefabAsset: {fileID: 0}
  serializedVersion: 6
  m_Component:
  - component: {fileID: 3082332675555813201}
  m_Layer: 0
  m_Name: VRTK_Hand_Bone_Forearm
  m_TagString: Untagged
  m_Icon: {fileID: 0}
  m_NavMeshLayer: 0
  m_StaticEditorFlags: 0
  m_IsActive: 1
--- !u!4 &3082332675555813201
Transform:
  m_ObjectHideFlags: 0
  m_CorrespondingSourceObject: {fileID: 0}
  m_PrefabInstance: {fileID: 0}
  m_PrefabAsset: {fileID: 0}
  m_GameObject: {fileID: 1872397915252388134}
  m_LocalRotation: {x: 0.9999234, y: 0.000000008050606, z: -0.0000014303013, w: -0.01237566}
  m_LocalPosition: {x: 6.651837e-17, y: -0.000004406724, z: 0.0000010092131}
  m_LocalScale: {x: 1, y: 0.99999994, z: 0.99993026}
  m_Children:
  - {fileID: 4184741359767233703}
  m_Father: {fileID: 5932747370970968307}
  m_RootOrder: 0
  m_LocalEulerAnglesHint: {x: 0, y: 0, z: 0}
--- !u!1 &2205768914432918061
GameObject:
  m_ObjectHideFlags: 0
  m_CorrespondingSourceObject: {fileID: 0}
  m_PrefabInstance: {fileID: 0}
  m_PrefabAsset: {fileID: 0}
  serializedVersion: 6
  m_Component:
  - component: {fileID: 7814805005372203700}
  m_Layer: 0
  m_Name: VRTK_Hand_Bone_Thumb_4
  m_TagString: Untagged
  m_Icon: {fileID: 0}
  m_NavMeshLayer: 0
  m_StaticEditorFlags: 0
  m_IsActive: 1
--- !u!4 &7814805005372203700
Transform:
  m_ObjectHideFlags: 0
  m_CorrespondingSourceObject: {fileID: 0}
  m_PrefabInstance: {fileID: 0}
  m_PrefabAsset: {fileID: 0}
  m_GameObject: {fileID: 2205768914432918061}
  m_LocalRotation: {x: -0.10046093, y: 0.17879169, z: 0.023272714, w: 0.978468}
  m_LocalPosition: {x: -4.6566128e-12, y: 0.00021792622, z: -1.3969838e-11}
  m_LocalScale: {x: 1.0000002, y: 1.0000002, z: 1}
  m_Children:
  - {fileID: 3286423518128512416}
  m_Father: {fileID: 1949173733383974810}
  m_RootOrder: 0
  m_LocalEulerAnglesHint: {x: 0, y: 0, z: 0}
--- !u!1 &2213836117272622637
GameObject:
  m_ObjectHideFlags: 0
  m_CorrespondingSourceObject: {fileID: 0}
  m_PrefabInstance: {fileID: 0}
  m_PrefabAsset: {fileID: 0}
  serializedVersion: 6
  m_Component:
  - component: {fileID: 2806293909331481783}
  m_Layer: 0
  m_Name: VRTK_Hand_Bone_Middle_5
  m_TagString: Untagged
  m_Icon: {fileID: 0}
  m_NavMeshLayer: 0
  m_StaticEditorFlags: 0
  m_IsActive: 1
--- !u!4 &2806293909331481783
Transform:
  m_ObjectHideFlags: 0
  m_CorrespondingSourceObject: {fileID: 0}
  m_PrefabInstance: {fileID: 0}
  m_PrefabAsset: {fileID: 0}
  m_GameObject: {fileID: 2213836117272622637}
  m_LocalRotation: {x: 0.016484654, y: -0.07333665, z: -0.008949624, w: 0.9971309}
  m_LocalPosition: {x: -0, y: 0.000310259, z: -7.275958e-12}
  m_LocalScale: {x: 0.9999997, y: 1, z: 0.99999976}
  m_Children:
  - {fileID: 4816862106732828347}
  m_Father: {fileID: 5360647552128858998}
  m_RootOrder: 0
  m_LocalEulerAnglesHint: {x: 0, y: 0, z: 0}
--- !u!1 &2398144882467913887
GameObject:
  m_ObjectHideFlags: 0
  m_CorrespondingSourceObject: {fileID: 0}
  m_PrefabInstance: {fileID: 0}
  m_PrefabAsset: {fileID: 0}
  serializedVersion: 6
  m_Component:
  - component: {fileID: 7653521412575665694}
  m_Layer: 0
  m_Name: VRTK_Hand_Bone_Index_1
  m_TagString: Untagged
  m_Icon: {fileID: 0}
  m_NavMeshLayer: 0
  m_StaticEditorFlags: 0
  m_IsActive: 1
--- !u!4 &7653521412575665694
Transform:
  m_ObjectHideFlags: 0
  m_CorrespondingSourceObject: {fileID: 0}
  m_PrefabInstance: {fileID: 0}
  m_PrefabAsset: {fileID: 0}
  m_GameObject: {fileID: 2398144882467913887}
  m_LocalRotation: {x: 0.050326318, y: 0.05978732, z: 0.004333332, w: 0.99693227}
  m_LocalPosition: {x: -0.0002792915, y: 0.000519468, z: -0.000048006892}
  m_LocalScale: {x: 0.9999998, y: 1.0000005, z: 0.99999994}
  m_Children:
  - {fileID: 1841600542550556808}
  m_Father: {fileID: 1188852265938446745}
  m_RootOrder: 0
  m_LocalEulerAnglesHint: {x: 0, y: 0, z: 0}
--- !u!1 &2411760854237194840
GameObject:
  m_ObjectHideFlags: 0
  m_CorrespondingSourceObject: {fileID: 0}
  m_PrefabInstance: {fileID: 0}
  m_PrefabAsset: {fileID: 0}
  serializedVersion: 6
  m_Component:
  - component: {fileID: 2408686502639856712}
  - component: {fileID: 2350097041815153658}
  - component: {fileID: 2371915089269404438}
  m_Layer: 0
  m_Name: Pinky
  m_TagString: Untagged
  m_Icon: {fileID: 0}
  m_NavMeshLayer: 0
  m_StaticEditorFlags: 0
  m_IsActive: 1
--- !u!4 &2408686502639856712
Transform:
  m_ObjectHideFlags: 0
  m_CorrespondingSourceObject: {fileID: 0}
  m_PrefabInstance: {fileID: 0}
  m_PrefabAsset: {fileID: 0}
  m_GameObject: {fileID: 2411760854237194840}
  m_LocalRotation: {x: -0, y: -0, z: -0, w: 1}
  m_LocalPosition: {x: 0, y: 0, z: 0}
  m_LocalScale: {x: 1, y: 1, z: 1}
  m_Children: []
  m_Father: {fileID: 2408630288029963596}
  m_RootOrder: 5
  m_LocalEulerAnglesHint: {x: 0, y: 0, z: 0}
--- !u!135 &2350097041815153658
SphereCollider:
  m_ObjectHideFlags: 0
  m_CorrespondingSourceObject: {fileID: 0}
  m_PrefabInstance: {fileID: 0}
  m_PrefabAsset: {fileID: 0}
  m_GameObject: {fileID: 2411760854237194840}
  m_Material: {fileID: 0}
  m_IsTrigger: 1
  m_Enabled: 1
  serializedVersion: 2
  m_Radius: 0.015
  m_Center: {x: 0, y: -0.015, z: 0}
--- !u!114 &2371915089269404438
MonoBehaviour:
  m_ObjectHideFlags: 0
  m_CorrespondingSourceObject: {fileID: 0}
  m_PrefabInstance: {fileID: 0}
  m_PrefabAsset: {fileID: 0}
  m_GameObject: {fileID: 2411760854237194840}
  m_Enabled: 1
  m_EditorHideFlags: 0
  m_Script: {fileID: 11500000, guid: fe5040c2eaa9ff147b80ded004191c67, type: 3}
  m_Name: 
  m_EditorClassIdentifier: 
  gameObjectToFollow: {fileID: 4204126833185477307}
  gameObjectToChange: {fileID: 0}
  followsPosition: 1
  smoothsPosition: 0
  maxAllowedPerFrameDistanceDifference: 0.003
  followsRotation: 1
  smoothsRotation: 0
  maxAllowedPerFrameAngleDifference: 1.5
  followsScale: 1
  smoothsScale: 0
  maxAllowedPerFrameSizeDifference: 0.003
  _moment: 2
--- !u!1 &2411849445051707428
GameObject:
  m_ObjectHideFlags: 0
  m_CorrespondingSourceObject: {fileID: 0}
  m_PrefabInstance: {fileID: 0}
  m_PrefabAsset: {fileID: 0}
  serializedVersion: 6
  m_Component:
  - component: {fileID: 2408703968157604910}
  - component: {fileID: 2317572438982798516}
  - component: {fileID: 2413265798115073143}
  - component: {fileID: 6983744601986606601}
  m_Layer: 0
  m_Name: VRTK_BasicHandLeft
  m_TagString: Untagged
  m_Icon: {fileID: 0}
  m_NavMeshLayer: 0
  m_StaticEditorFlags: 0
  m_IsActive: 1
--- !u!4 &2408703968157604910
Transform:
  m_ObjectHideFlags: 0
  m_CorrespondingSourceObject: {fileID: 0}
  m_PrefabInstance: {fileID: 0}
  m_PrefabAsset: {fileID: 0}
  m_GameObject: {fileID: 2411849445051707428}
  m_LocalRotation: {x: 0, y: 0, z: 0, w: 1}
  m_LocalPosition: {x: 0, y: 0, z: 0}
  m_LocalScale: {x: 1, y: 1, z: 1}
  m_Children:
  - {fileID: 3379264462785650797}
  - {fileID: 2408302470444264928}
  - {fileID: 2408630288029963596}
  m_Father: {fileID: 0}
  m_RootOrder: 0
  m_LocalEulerAnglesHint: {x: 0, y: 0, z: 0}
--- !u!95 &2317572438982798516
Animator:
  serializedVersion: 3
  m_ObjectHideFlags: 0
  m_CorrespondingSourceObject: {fileID: 0}
  m_PrefabInstance: {fileID: 0}
  m_PrefabAsset: {fileID: 0}
  m_GameObject: {fileID: 2411849445051707428}
  m_Enabled: 1
  m_Avatar: {fileID: 9000000, guid: 9fbd4cfd43766cc4cbcb915ceafe52a9, type: 3}
  m_Controller: {fileID: 9100000, guid: fec1c1cdc86cb5b4aad9b22ede74632b, type: 2}
  m_CullingMode: 1
  m_UpdateMode: 0
  m_ApplyRootMotion: 0
  m_LinearVelocityBlending: 0
  m_WarningMessage: 
  m_HasTransformHierarchy: 1
  m_AllowConstantClipSamplingOptimization: 1
  m_KeepAnimatorControllerStateOnDisable: 0
--- !u!114 &2413265798115073143
MonoBehaviour:
  m_ObjectHideFlags: 0
  m_CorrespondingSourceObject: {fileID: 0}
  m_PrefabInstance: {fileID: 0}
  m_PrefabAsset: {fileID: 0}
  m_GameObject: {fileID: 2411849445051707428}
  m_Enabled: 1
  m_EditorHideFlags: 0
  m_Script: {fileID: 11500000, guid: 393a6cb30fae3e841bd85dca765098f6, type: 3}
  m_Name: 
  m_EditorClassIdentifier: 
  target: {fileID: 0}
  resetOnDisable: 1
  sdkOverrides:
  - loadedSDKSetup: {fileID: 0}
    controllerType: 3
    position: {x: 0, y: 0, z: -0.175}
    rotation: {x: 40, y: 0, z: 72}
    scale: {x: 1, y: 1, z: 1}
  - loadedSDKSetup: {fileID: 0}
    controllerType: 8
    position: {x: -0.0135, y: 0.0475, z: -0.165}
    rotation: {x: 60, y: 0, z: 81}
    scale: {x: 1, y: 1, z: 1}
  - loadedSDKSetup: {fileID: 0}
    controllerType: 5
    position: {x: -0.02, y: -0.0275, z: -0.12}
    rotation: {x: 0, y: 0, z: 68}
    scale: {x: 1, y: 1, z: 1}
  - loadedSDKSetup: {fileID: 0}
    controllerType: 4
    position: {x: -0.02, y: -0.0275, z: -0.12}
    rotation: {x: 0, y: 0, z: 68}
    scale: {x: 1, y: 1, z: 1}
  - loadedSDKSetup: {fileID: 0}
    controllerType: 2
    position: {x: 0, y: 0, z: 0}
    rotation: {x: 0, y: 0, z: 68}
    scale: {x: 1, y: 1, z: 1}
--- !u!114 &6983744601986606601
MonoBehaviour:
  m_ObjectHideFlags: 0
  m_CorrespondingSourceObject: {fileID: 0}
  m_PrefabInstance: {fileID: 0}
  m_PrefabAsset: {fileID: 0}
  m_GameObject: {fileID: 2411849445051707428}
  m_Enabled: 1
  m_EditorHideFlags: 0
  m_Script: {fileID: 11500000, guid: 6139d913e18df2a4d95833d427da723e, type: 3}
  m_Name: 
  m_EditorClassIdentifier: 
  controllerType: 0
  setFingersForControllerType: 1
  mirrorModel: 0
  animationSnapSpeed: 0.1
  thumbButton: 9
  indexButton: 3
  middleButton: 0
  ringButton: 0
  pinkyButton: 0
  threeFingerButton: 7
  thumbAxisButton: 7
  indexAxisButton: 5
  middleAxisButton: 9
  ringAxisButton: 10
  pinkyAxisButton: 11
  threeFingerAxisButton: 2
  thumbState: 0
  indexState: 0
  middleState: 0
  ringState: 0
  pinkyState: 0
  threeFingerState: 0
  nearTouchOverrides:
    ignoreAllOverrides: 1
    stateValue: -1
    applyThumbOverride: 1
    thumbOverride: 0
    applyIndexOverride: 1
    indexOverride: 0
    applyMiddleOverride: 1
    middleOverride: 0
    applyRingOverride: 1
    ringOverride: 0
    applyPinkyOverride: 1
    pinkyOverride: 0
  touchOverrides:
    ignoreAllOverrides: 1
    stateValue: -1
    applyThumbOverride: 1
    thumbOverride: 0
    applyIndexOverride: 1
    indexOverride: 0
    applyMiddleOverride: 1
    middleOverride: 0
    applyRingOverride: 1
    ringOverride: 0
    applyPinkyOverride: 1
    pinkyOverride: 0
  grabOverrides:
    ignoreAllOverrides: 1
    stateValue: -1
    applyThumbOverride: 1
    thumbOverride: 0
    applyIndexOverride: 1
    indexOverride: 0
    applyMiddleOverride: 1
    middleOverride: 0
    applyRingOverride: 1
    ringOverride: 0
    applyPinkyOverride: 1
    pinkyOverride: 0
  useOverrides:
    ignoreAllOverrides: 1
    stateValue: -1
    applyThumbOverride: 1
    thumbOverride: 0
    applyIndexOverride: 1
    indexOverride: 0
    applyMiddleOverride: 1
    middleOverride: 0
    applyRingOverride: 1
    ringOverride: 0
    applyPinkyOverride: 1
    pinkyOverride: 0
  handModel: {fileID: 0}
  controllerEvents: {fileID: 0}
  interactNearTouch: {fileID: 0}
  interactTouch: {fileID: 0}
  interactGrab: {fileID: 0}
  interactUse: {fileID: 0}
--- !u!1 &2411873309901398954
GameObject:
  m_ObjectHideFlags: 0
  m_CorrespondingSourceObject: {fileID: 0}
  m_PrefabInstance: {fileID: 0}
  m_PrefabAsset: {fileID: 0}
  serializedVersion: 6
  m_Component:
  - component: {fileID: 2408630288029963596}
  m_Layer: 0
  m_Name: HandColliders
  m_TagString: Untagged
  m_Icon: {fileID: 0}
  m_NavMeshLayer: 0
  m_StaticEditorFlags: 0
  m_IsActive: 1
--- !u!4 &2408630288029963596
Transform:
  m_ObjectHideFlags: 0
  m_CorrespondingSourceObject: {fileID: 0}
  m_PrefabInstance: {fileID: 0}
  m_PrefabAsset: {fileID: 0}
  m_GameObject: {fileID: 2411873309901398954}
  m_LocalRotation: {x: -0, y: -0, z: -0, w: 1}
  m_LocalPosition: {x: 0, y: 0, z: 0}
  m_LocalScale: {x: 1, y: 1, z: 1}
  m_Children:
  - {fileID: 2410061150559701718}
  - {fileID: 2410438956621405788}
  - {fileID: 2410266862663099810}
  - {fileID: 2410317608923845574}
  - {fileID: 2408464816219784844}
  - {fileID: 2408686502639856712}
  m_Father: {fileID: 2408703968157604910}
  m_RootOrder: 2
  m_LocalEulerAnglesHint: {x: 0, y: 0, z: 0}
--- !u!1 &2412051034976848042
GameObject:
  m_ObjectHideFlags: 0
  m_CorrespondingSourceObject: {fileID: 0}
  m_PrefabInstance: {fileID: 0}
  m_PrefabAsset: {fileID: 0}
  serializedVersion: 6
  m_Component:
  - component: {fileID: 2410438956621405788}
  - component: {fileID: 2350658775456622636}
  - component: {fileID: 2371391348541749870}
  m_Layer: 0
  m_Name: Thumb
  m_TagString: Untagged
  m_Icon: {fileID: 0}
  m_NavMeshLayer: 0
  m_StaticEditorFlags: 0
  m_IsActive: 1
--- !u!4 &2410438956621405788
Transform:
  m_ObjectHideFlags: 0
  m_CorrespondingSourceObject: {fileID: 0}
  m_PrefabInstance: {fileID: 0}
  m_PrefabAsset: {fileID: 0}
  m_GameObject: {fileID: 2412051034976848042}
  m_LocalRotation: {x: 0, y: 0, z: 0, w: 1}
  m_LocalPosition: {x: 0, y: 0, z: 0}
  m_LocalScale: {x: 1, y: 1, z: 1}
  m_Children: []
  m_Father: {fileID: 2408630288029963596}
  m_RootOrder: 1
  m_LocalEulerAnglesHint: {x: 0, y: 0, z: 0}
--- !u!135 &2350658775456622636
SphereCollider:
  m_ObjectHideFlags: 0
  m_CorrespondingSourceObject: {fileID: 0}
  m_PrefabInstance: {fileID: 0}
  m_PrefabAsset: {fileID: 0}
  m_GameObject: {fileID: 2412051034976848042}
  m_Material: {fileID: 0}
  m_IsTrigger: 1
  m_Enabled: 1
  serializedVersion: 2
  m_Radius: 0.015
  m_Center: {x: 0, y: -0.015, z: 0}
--- !u!114 &2371391348541749870
MonoBehaviour:
  m_ObjectHideFlags: 0
  m_CorrespondingSourceObject: {fileID: 0}
  m_PrefabInstance: {fileID: 0}
  m_PrefabAsset: {fileID: 0}
  m_GameObject: {fileID: 2412051034976848042}
  m_Enabled: 1
  m_EditorHideFlags: 0
  m_Script: {fileID: 11500000, guid: fe5040c2eaa9ff147b80ded004191c67, type: 3}
  m_Name: 
  m_EditorClassIdentifier: 
  gameObjectToFollow: {fileID: 2205768914432918061}
  gameObjectToChange: {fileID: 0}
  followsPosition: 1
  smoothsPosition: 0
  maxAllowedPerFrameDistanceDifference: 0.003
  followsRotation: 1
  smoothsRotation: 0
  maxAllowedPerFrameAngleDifference: 1.5
  followsScale: 1
  smoothsScale: 0
  maxAllowedPerFrameSizeDifference: 0.003
  _moment: 2
--- !u!1 &2412151833380685166
GameObject:
  m_ObjectHideFlags: 0
  m_CorrespondingSourceObject: {fileID: 0}
  m_PrefabInstance: {fileID: 0}
  m_PrefabAsset: {fileID: 0}
  serializedVersion: 6
  m_Component:
  - component: {fileID: 2410061150559701718}
  - component: {fileID: 2350576368408370394}
  m_Layer: 0
  m_Name: Palm
  m_TagString: Untagged
  m_Icon: {fileID: 0}
  m_NavMeshLayer: 0
  m_StaticEditorFlags: 0
  m_IsActive: 1
--- !u!4 &2410061150559701718
Transform:
  m_ObjectHideFlags: 0
  m_CorrespondingSourceObject: {fileID: 0}
  m_PrefabInstance: {fileID: 0}
  m_PrefabAsset: {fileID: 0}
  m_GameObject: {fileID: 2412151833380685166}
  m_LocalRotation: {x: 0, y: 0, z: 0, w: 1}
  m_LocalPosition: {x: 0, y: 0, z: 0.06}
  m_LocalScale: {x: 1, y: 1, z: 1}
  m_Children: []
  m_Father: {fileID: 2408630288029963596}
  m_RootOrder: 0
  m_LocalEulerAnglesHint: {x: 0, y: 0, z: 0}
--- !u!136 &2350576368408370394
CapsuleCollider:
  m_ObjectHideFlags: 0
  m_CorrespondingSourceObject: {fileID: 0}
  m_PrefabInstance: {fileID: 0}
  m_PrefabAsset: {fileID: 0}
  m_GameObject: {fileID: 2412151833380685166}
  m_Material: {fileID: 0}
  m_IsTrigger: 1
  m_Enabled: 1
  m_Radius: 0.04
  m_Height: 0.15
  m_Direction: 2
  m_Center: {x: 0, y: 0, z: 0}
--- !u!1 &2412172103015290240
GameObject:
  m_ObjectHideFlags: 0
  m_CorrespondingSourceObject: {fileID: 0}
  m_PrefabInstance: {fileID: 0}
  m_PrefabAsset: {fileID: 0}
  serializedVersion: 6
  m_Component:
  - component: {fileID: 2410317608923845574}
  - component: {fileID: 2350841347671268710}
  - component: {fileID: 2371977015081005866}
  m_Layer: 0
  m_Name: Middle
  m_TagString: Untagged
  m_Icon: {fileID: 0}
  m_NavMeshLayer: 0
  m_StaticEditorFlags: 0
  m_IsActive: 1
--- !u!4 &2410317608923845574
Transform:
  m_ObjectHideFlags: 0
  m_CorrespondingSourceObject: {fileID: 0}
  m_PrefabInstance: {fileID: 0}
  m_PrefabAsset: {fileID: 0}
  m_GameObject: {fileID: 2412172103015290240}
  m_LocalRotation: {x: -0, y: -0, z: -0, w: 1}
  m_LocalPosition: {x: 0, y: 0, z: 0}
  m_LocalScale: {x: 1, y: 1, z: 1}
  m_Children: []
  m_Father: {fileID: 2408630288029963596}
  m_RootOrder: 3
  m_LocalEulerAnglesHint: {x: 0, y: 0, z: 0}
--- !u!135 &2350841347671268710
SphereCollider:
  m_ObjectHideFlags: 0
  m_CorrespondingSourceObject: {fileID: 0}
  m_PrefabInstance: {fileID: 0}
  m_PrefabAsset: {fileID: 0}
  m_GameObject: {fileID: 2412172103015290240}
  m_Material: {fileID: 0}
  m_IsTrigger: 1
  m_Enabled: 1
  serializedVersion: 2
  m_Radius: 0.015
  m_Center: {x: 0, y: -0.015, z: 0}
--- !u!114 &2371977015081005866
MonoBehaviour:
  m_ObjectHideFlags: 0
  m_CorrespondingSourceObject: {fileID: 0}
  m_PrefabInstance: {fileID: 0}
  m_PrefabAsset: {fileID: 0}
  m_GameObject: {fileID: 2412172103015290240}
  m_Enabled: 1
  m_EditorHideFlags: 0
  m_Script: {fileID: 11500000, guid: fe5040c2eaa9ff147b80ded004191c67, type: 3}
  m_Name: 
  m_EditorClassIdentifier: 
  gameObjectToFollow: {fileID: 2213836117272622637}
  gameObjectToChange: {fileID: 0}
  followsPosition: 1
  smoothsPosition: 0
  maxAllowedPerFrameDistanceDifference: 0.003
  followsRotation: 1
  smoothsRotation: 0
  maxAllowedPerFrameAngleDifference: 1.5
  followsScale: 1
  smoothsScale: 0
  maxAllowedPerFrameSizeDifference: 0.003
  _moment: 2
--- !u!1 &2412214015232728450
GameObject:
  m_ObjectHideFlags: 0
  m_CorrespondingSourceObject: {fileID: 0}
  m_PrefabInstance: {fileID: 0}
  m_PrefabAsset: {fileID: 0}
  serializedVersion: 6
  m_Component:
  - component: {fileID: 2408464816219784844}
  - component: {fileID: 2350852761290124186}
  - component: {fileID: 2371411372265904106}
  m_Layer: 0
  m_Name: Ring
  m_TagString: Untagged
  m_Icon: {fileID: 0}
  m_NavMeshLayer: 0
  m_StaticEditorFlags: 0
  m_IsActive: 1
--- !u!4 &2408464816219784844
Transform:
  m_ObjectHideFlags: 0
  m_CorrespondingSourceObject: {fileID: 0}
  m_PrefabInstance: {fileID: 0}
  m_PrefabAsset: {fileID: 0}
  m_GameObject: {fileID: 2412214015232728450}
  m_LocalRotation: {x: -0, y: -0, z: -0, w: 1}
  m_LocalPosition: {x: 0, y: 0, z: 0}
  m_LocalScale: {x: 1, y: 1, z: 1}
  m_Children: []
  m_Father: {fileID: 2408630288029963596}
  m_RootOrder: 4
  m_LocalEulerAnglesHint: {x: 0, y: 0, z: 0}
--- !u!135 &2350852761290124186
SphereCollider:
  m_ObjectHideFlags: 0
  m_CorrespondingSourceObject: {fileID: 0}
  m_PrefabInstance: {fileID: 0}
  m_PrefabAsset: {fileID: 0}
  m_GameObject: {fileID: 2412214015232728450}
  m_Material: {fileID: 0}
  m_IsTrigger: 1
  m_Enabled: 1
  serializedVersion: 2
  m_Radius: 0.015
  m_Center: {x: 0, y: -0.015, z: 0}
--- !u!114 &2371411372265904106
MonoBehaviour:
  m_ObjectHideFlags: 0
  m_CorrespondingSourceObject: {fileID: 0}
  m_PrefabInstance: {fileID: 0}
  m_PrefabAsset: {fileID: 0}
  m_GameObject: {fileID: 2412214015232728450}
  m_Enabled: 1
  m_EditorHideFlags: 0
  m_Script: {fileID: 11500000, guid: fe5040c2eaa9ff147b80ded004191c67, type: 3}
  m_Name: 
  m_EditorClassIdentifier: 
  gameObjectToFollow: {fileID: 1450369064279802567}
  gameObjectToChange: {fileID: 0}
  followsPosition: 1
  smoothsPosition: 0
  maxAllowedPerFrameDistanceDifference: 0.003
  followsRotation: 1
  smoothsRotation: 0
  maxAllowedPerFrameAngleDifference: 1.5
  followsScale: 1
  smoothsScale: 0
  maxAllowedPerFrameSizeDifference: 0.003
  _moment: 2
--- !u!1 &2412599488944190206
GameObject:
  m_ObjectHideFlags: 0
  m_CorrespondingSourceObject: {fileID: 0}
  m_PrefabInstance: {fileID: 0}
  m_PrefabAsset: {fileID: 0}
  serializedVersion: 6
  m_Component:
  - component: {fileID: 2408302470444264928}
  - component: {fileID: 2430897066373606688}
  m_Layer: 0
  m_Name: GrabAttachPoint
  m_TagString: Untagged
  m_Icon: {fileID: 0}
  m_NavMeshLayer: 0
  m_StaticEditorFlags: 0
  m_IsActive: 1
--- !u!4 &2408302470444264928
Transform:
  m_ObjectHideFlags: 0
  m_CorrespondingSourceObject: {fileID: 0}
  m_PrefabInstance: {fileID: 0}
  m_PrefabAsset: {fileID: 0}
  m_GameObject: {fileID: 2412599488944190206}
  m_LocalRotation: {x: -0, y: -0, z: -0, w: 1}
  m_LocalPosition: {x: 0, y: 0, z: 0.1}
  m_LocalScale: {x: 1, y: 1, z: 1}
  m_Children: []
  m_Father: {fileID: 2408703968157604910}
  m_RootOrder: 1
  m_LocalEulerAnglesHint: {x: 0, y: 0, z: 0}
--- !u!54 &2430897066373606688
Rigidbody:
  m_ObjectHideFlags: 0
  m_CorrespondingSourceObject: {fileID: 0}
  m_PrefabInstance: {fileID: 0}
  m_PrefabAsset: {fileID: 0}
  m_GameObject: {fileID: 2412599488944190206}
  serializedVersion: 2
  m_Mass: 1
  m_Drag: 0
  m_AngularDrag: 0.05
  m_UseGravity: 0
  m_IsKinematic: 1
  m_Interpolate: 0
  m_Constraints: 0
  m_CollisionDetection: 0
--- !u!1 &2413499334290919486
GameObject:
  m_ObjectHideFlags: 0
  m_CorrespondingSourceObject: {fileID: 0}
  m_PrefabInstance: {fileID: 0}
  m_PrefabAsset: {fileID: 0}
  serializedVersion: 6
  m_Component:
  - component: {fileID: 2410266862663099810}
  - component: {fileID: 2349929967307464476}
  - component: {fileID: 2372195042433167910}
  m_Layer: 0
  m_Name: Index
  m_TagString: Untagged
  m_Icon: {fileID: 0}
  m_NavMeshLayer: 0
  m_StaticEditorFlags: 0
  m_IsActive: 1
--- !u!4 &2410266862663099810
Transform:
  m_ObjectHideFlags: 0
  m_CorrespondingSourceObject: {fileID: 0}
  m_PrefabInstance: {fileID: 0}
  m_PrefabAsset: {fileID: 0}
  m_GameObject: {fileID: 2413499334290919486}
  m_LocalRotation: {x: -0, y: -0, z: -0, w: 1}
  m_LocalPosition: {x: 0, y: 0, z: 0}
  m_LocalScale: {x: 1, y: 1, z: 1}
  m_Children: []
  m_Father: {fileID: 2408630288029963596}
  m_RootOrder: 2
  m_LocalEulerAnglesHint: {x: 0, y: 0, z: 0}
--- !u!135 &2349929967307464476
SphereCollider:
  m_ObjectHideFlags: 0
  m_CorrespondingSourceObject: {fileID: 0}
  m_PrefabInstance: {fileID: 0}
  m_PrefabAsset: {fileID: 0}
  m_GameObject: {fileID: 2413499334290919486}
  m_Material: {fileID: 0}
  m_IsTrigger: 1
  m_Enabled: 1
  serializedVersion: 2
  m_Radius: 0.015
  m_Center: {x: 0, y: -0.015, z: 0}
--- !u!114 &2372195042433167910
MonoBehaviour:
  m_ObjectHideFlags: 0
  m_CorrespondingSourceObject: {fileID: 0}
  m_PrefabInstance: {fileID: 0}
  m_PrefabAsset: {fileID: 0}
  m_GameObject: {fileID: 2413499334290919486}
  m_Enabled: 1
  m_EditorHideFlags: 0
  m_Script: {fileID: 11500000, guid: fe5040c2eaa9ff147b80ded004191c67, type: 3}
  m_Name: 
  m_EditorClassIdentifier: 
  gameObjectToFollow: {fileID: 522556193036970919}
  gameObjectToChange: {fileID: 0}
  followsPosition: 1
  smoothsPosition: 0
  maxAllowedPerFrameDistanceDifference: 0.003
  followsRotation: 1
  smoothsRotation: 0
  maxAllowedPerFrameAngleDifference: 1.5
  followsScale: 1
  smoothsScale: 0
  maxAllowedPerFrameSizeDifference: 0.003
  _moment: 2
--- !u!1 &2715212849512250071
GameObject:
  m_ObjectHideFlags: 0
  m_CorrespondingSourceObject: {fileID: 0}
  m_PrefabInstance: {fileID: 0}
  m_PrefabAsset: {fileID: 0}
  serializedVersion: 6
  m_Component:
  - component: {fileID: 3379264462785650797}
  m_Layer: 0
  m_Name: Model
  m_TagString: Untagged
  m_Icon: {fileID: 0}
  m_NavMeshLayer: 0
  m_StaticEditorFlags: 0
  m_IsActive: 1
--- !u!4 &3379264462785650797
Transform:
  m_ObjectHideFlags: 0
  m_CorrespondingSourceObject: {fileID: 0}
  m_PrefabInstance: {fileID: 0}
  m_PrefabAsset: {fileID: 0}
  m_GameObject: {fileID: 2715212849512250071}
  m_LocalRotation: {x: 0, y: 0, z: 0, w: 1}
  m_LocalPosition: {x: 0, y: 0, z: 0}
  m_LocalScale: {x: 0.8, y: 0.8, z: 0.8}
  m_Children:
  - {fileID: 5932747370970968307}
  - {fileID: 3273490618001687145}
  m_Father: {fileID: 2408703968157604910}
  m_RootOrder: 0
  m_LocalEulerAnglesHint: {x: 0, y: 0, z: 0}
--- !u!1 &2824894157606796488
GameObject:
  m_ObjectHideFlags: 0
  m_CorrespondingSourceObject: {fileID: 0}
  m_PrefabInstance: {fileID: 0}
  m_PrefabAsset: {fileID: 0}
  serializedVersion: 6
  m_Component:
  - component: {fileID: 951984494483313406}
  m_Layer: 0
  m_Name: VRTK_Hand_Bone_Thumb_4_end_end
  m_TagString: Untagged
  m_Icon: {fileID: 0}
  m_NavMeshLayer: 0
  m_StaticEditorFlags: 0
  m_IsActive: 1
--- !u!4 &951984494483313406
Transform:
  m_ObjectHideFlags: 0
  m_CorrespondingSourceObject: {fileID: 0}
  m_PrefabInstance: {fileID: 0}
  m_PrefabAsset: {fileID: 0}
  m_GameObject: {fileID: 2824894157606796488}
  m_LocalRotation: {x: 0, y: -0, z: -0, w: 1}
  m_LocalPosition: {x: -0, y: 0.00027877552, z: 0}
  m_LocalScale: {x: 1, y: 1, z: 1}
  m_Children: []
  m_Father: {fileID: 3286423518128512416}
  m_RootOrder: 0
  m_LocalEulerAnglesHint: {x: 0, y: 0, z: 0}
--- !u!1 &3374731781126549547
GameObject:
  m_ObjectHideFlags: 0
  m_CorrespondingSourceObject: {fileID: 0}
  m_PrefabInstance: {fileID: 0}
  m_PrefabAsset: {fileID: 0}
  serializedVersion: 6
  m_Component:
  - component: {fileID: 1949173733383974810}
  m_Layer: 0
  m_Name: VRTK_Hand_Bone_Thumb_3
  m_TagString: Untagged
  m_Icon: {fileID: 0}
  m_NavMeshLayer: 0
  m_StaticEditorFlags: 0
  m_IsActive: 1
--- !u!4 &1949173733383974810
Transform:
  m_ObjectHideFlags: 0
  m_CorrespondingSourceObject: {fileID: 0}
  m_PrefabInstance: {fileID: 0}
  m_PrefabAsset: {fileID: 0}
  m_GameObject: {fileID: 3374731781126549547}
  m_LocalRotation: {x: 0.024118422, y: 0.102515124, z: -0.0167714, w: 0.99429756}
  m_LocalPosition: {x: -7.916242e-11, y: 0.00018896854, z: -1.3969838e-11}
  m_LocalScale: {x: 0.99999994, y: 1.0000002, z: 0.9999999}
  m_Children:
  - {fileID: 7814805005372203700}
  m_Father: {fileID: 8221604895097015286}
  m_RootOrder: 0
  m_LocalEulerAnglesHint: {x: 0, y: 0, z: 0}
--- !u!1 &3569624624201432579
GameObject:
  m_ObjectHideFlags: 0
  m_CorrespondingSourceObject: {fileID: 0}
  m_PrefabInstance: {fileID: 0}
  m_PrefabAsset: {fileID: 0}
  serializedVersion: 6
  m_Component:
  - component: {fileID: 4341136707272934829}
  m_Layer: 0
  m_Name: VRTK_Hand_Bone_Thumb_1
  m_TagString: Untagged
  m_Icon: {fileID: 0}
  m_NavMeshLayer: 0
  m_StaticEditorFlags: 0
  m_IsActive: 1
--- !u!4 &4341136707272934829
Transform:
  m_ObjectHideFlags: 0
  m_CorrespondingSourceObject: {fileID: 0}
  m_PrefabInstance: {fileID: 0}
  m_PrefabAsset: {fileID: 0}
  m_GameObject: {fileID: 3569624624201432579}
  m_LocalRotation: {x: -0.09489144, y: 0.26078156, z: 0.41679224, w: 0.8656055}
  m_LocalPosition: {x: -0.00031794593, y: 0.00007911288, z: 0.00007428115}
  m_LocalScale: {x: 1.0000002, y: 1.0000004, z: 1.0000002}
  m_Children:
  - {fileID: 8221604895097015286}
  m_Father: {fileID: 1188852265938446745}
  m_RootOrder: 4
  m_LocalEulerAnglesHint: {x: 0, y: 0, z: 0}
--- !u!1 &3686626141089886898
GameObject:
  m_ObjectHideFlags: 0
  m_CorrespondingSourceObject: {fileID: 0}
  m_PrefabInstance: {fileID: 0}
  m_PrefabAsset: {fileID: 0}
  serializedVersion: 6
  m_Component:
  - component: {fileID: 5988297255949100785}
  m_Layer: 0
  m_Name: VRTK_Hand_Bone_Middle_3
  m_TagString: Untagged
  m_Icon: {fileID: 0}
  m_NavMeshLayer: 0
  m_StaticEditorFlags: 0
  m_IsActive: 1
--- !u!4 &5988297255949100785
Transform:
  m_ObjectHideFlags: 0
  m_CorrespondingSourceObject: {fileID: 0}
  m_PrefabInstance: {fileID: 0}
  m_PrefabAsset: {fileID: 0}
  m_GameObject: {fileID: 3686626141089886898}
  m_LocalRotation: {x: 0.0065859817, y: -0.00092351105, z: -0.028158033, w: 0.9995814}
  m_LocalPosition: {x: -0, y: 0.000038850983, z: 2.0372681e-12}
  m_LocalScale: {x: 0.99999994, y: 0.9999996, z: 1}
  m_Children:
  - {fileID: 5360647552128858998}
  m_Father: {fileID: 3170381139250492734}
  m_RootOrder: 0
  m_LocalEulerAnglesHint: {x: 0, y: 0, z: 0}
--- !u!1 &3835655322678773016
GameObject:
  m_ObjectHideFlags: 0
  m_CorrespondingSourceObject: {fileID: 0}
  m_PrefabInstance: {fileID: 0}
  m_PrefabAsset: {fileID: 0}
  serializedVersion: 6
  m_Component:
  - component: {fileID: 1188852265938446745}
  m_Layer: 0
  m_Name: VRTK_Hand_Bone_Palm
  m_TagString: Untagged
  m_Icon: {fileID: 0}
  m_NavMeshLayer: 0
  m_StaticEditorFlags: 0
  m_IsActive: 1
--- !u!4 &1188852265938446745
Transform:
  m_ObjectHideFlags: 0
  m_CorrespondingSourceObject: {fileID: 0}
  m_PrefabInstance: {fileID: 0}
  m_PrefabAsset: {fileID: 0}
  m_GameObject: {fileID: 3835655322678773016}
  m_LocalRotation: {x: -0.00010581746, y: -0.005728753, z: 0.056991182, w: 0.99835825}
  m_LocalPosition: {x: -2.0918377e-13, y: 0.00042688448, z: -3.5379343e-12}
  m_LocalScale: {x: 1.0000001, y: 0.9999998, z: 0.99999994}
  m_Children:
  - {fileID: 7653521412575665694}
  - {fileID: 7460473112427986607}
  - {fileID: 2819684674137072896}
  - {fileID: 4185678876531717554}
  - {fileID: 4341136707272934829}
  m_Father: {fileID: 4184741359767233703}
  m_RootOrder: 0
  m_LocalEulerAnglesHint: {x: 0, y: 0, z: 0}
--- !u!1 &3964593089013506534
GameObject:
  m_ObjectHideFlags: 0
  m_CorrespondingSourceObject: {fileID: 0}
  m_PrefabInstance: {fileID: 0}
  m_PrefabAsset: {fileID: 0}
  serializedVersion: 6
  m_Component:
  - component: {fileID: 5223123447105859955}
  m_Layer: 0
  m_Name: VRTK_Hand_Bone_Pinkie_3
  m_TagString: Untagged
  m_Icon: {fileID: 0}
  m_NavMeshLayer: 0
  m_StaticEditorFlags: 0
  m_IsActive: 1
--- !u!4 &5223123447105859955
Transform:
  m_ObjectHideFlags: 0
  m_CorrespondingSourceObject: {fileID: 0}
  m_PrefabInstance: {fileID: 0}
  m_PrefabAsset: {fileID: 0}
  m_GameObject: {fileID: 3964593089013506534}
  m_LocalRotation: {x: 0.048835468, y: -0.037907604, z: 0.04341007, w: 0.9971428}
  m_LocalPosition: {x: 8.796633e-11, y: 0.00006901013, z: 1.6298145e-11}
  m_LocalScale: {x: 0.9999999, y: 0.9999999, z: 1.0000001}
  m_Children:
  - {fileID: 4480926463736271832}
  m_Father: {fileID: 5691796741987878177}
  m_RootOrder: 0
  m_LocalEulerAnglesHint: {x: 0, y: 0, z: 0}
--- !u!1 &4204126833185477307
GameObject:
  m_ObjectHideFlags: 0
  m_CorrespondingSourceObject: {fileID: 0}
  m_PrefabInstance: {fileID: 0}
  m_PrefabAsset: {fileID: 0}
  serializedVersion: 6
  m_Component:
  - component: {fileID: 2703371168448013594}
  m_Layer: 0
  m_Name: VRTK_Hand_Bone_Pinkie_5
  m_TagString: Untagged
  m_Icon: {fileID: 0}
  m_NavMeshLayer: 0
  m_StaticEditorFlags: 0
  m_IsActive: 1
--- !u!4 &2703371168448013594
Transform:
  m_ObjectHideFlags: 0
  m_CorrespondingSourceObject: {fileID: 0}
  m_PrefabInstance: {fileID: 0}
  m_PrefabAsset: {fileID: 0}
  m_GameObject: {fileID: 4204126833185477307}
  m_LocalRotation: {x: -0.00079479313, y: 0.010591206, z: 0.001122999, w: 0.99994296}
  m_LocalPosition: {x: -1.7462298e-12, y: 0.00020529151, z: -3.7252902e-11}
  m_LocalScale: {x: 1.0000002, y: 1, z: 1}
  m_Children:
  - {fileID: 3025354051664295452}
  m_Father: {fileID: 4480926463736271832}
  m_RootOrder: 0
  m_LocalEulerAnglesHint: {x: 0, y: 0, z: 0}
--- !u!1 &4506999076358546550
GameObject:
  m_ObjectHideFlags: 0
  m_CorrespondingSourceObject: {fileID: 0}
  m_PrefabInstance: {fileID: 0}
  m_PrefabAsset: {fileID: 0}
  serializedVersion: 6
  m_Component:
  - component: {fileID: 4185678876531717554}
  m_Layer: 0
  m_Name: VRTK_Hand_Bone_Ring_1
  m_TagString: Untagged
  m_Icon: {fileID: 0}
  m_NavMeshLayer: 0
  m_StaticEditorFlags: 0
  m_IsActive: 1
--- !u!4 &4185678876531717554
Transform:
  m_ObjectHideFlags: 0
  m_CorrespondingSourceObject: {fileID: 0}
  m_PrefabInstance: {fileID: 0}
  m_PrefabAsset: {fileID: 0}
  m_GameObject: {fileID: 4506999076358546550}
  m_LocalRotation: {x: 0.056276836, y: 0.011231432, z: -0.12426419, w: 0.9905883}
  m_LocalPosition: {x: 0.00013416342, y: 0.0004598924, z: -0.000013161633}
  m_LocalScale: {x: 0.9999998, y: 0.9999998, z: 1.0000001}
  m_Children:
  - {fileID: 1256187177662560455}
  m_Father: {fileID: 1188852265938446745}
  m_RootOrder: 3
  m_LocalEulerAnglesHint: {x: 0, y: 0, z: 0}
--- !u!1 &4694038811581051001
GameObject:
  m_ObjectHideFlags: 0
  m_CorrespondingSourceObject: {fileID: 0}
  m_PrefabInstance: {fileID: 0}
  m_PrefabAsset: {fileID: 0}
  serializedVersion: 6
  m_Component:
  - component: {fileID: 4480926463736271832}
  m_Layer: 0
  m_Name: VRTK_Hand_Bone_Pinkie_4
  m_TagString: Untagged
  m_Icon: {fileID: 0}
  m_NavMeshLayer: 0
  m_StaticEditorFlags: 0
  m_IsActive: 1
--- !u!4 &4480926463736271832
Transform:
  m_ObjectHideFlags: 0
  m_CorrespondingSourceObject: {fileID: 0}
  m_PrefabInstance: {fileID: 0}
  m_PrefabAsset: {fileID: 0}
  m_GameObject: {fileID: 4694038811581051001}
  m_LocalRotation: {x: 0.000079639874, y: 0.0169589, z: 0.014019223, w: 0.9997579}
  m_LocalPosition: {x: -2.2700987e-11, y: 0.00019160661, z: 1.16415315e-11}
  m_LocalScale: {x: 1, y: 1.0000002, z: 1.0000002}
  m_Children:
  - {fileID: 2703371168448013594}
  m_Father: {fileID: 5223123447105859955}
  m_RootOrder: 0
  m_LocalEulerAnglesHint: {x: 0, y: 0, z: 0}
--- !u!1 &4830776300498014023
GameObject:
  m_ObjectHideFlags: 0
  m_CorrespondingSourceObject: {fileID: 0}
  m_PrefabInstance: {fileID: 0}
  m_PrefabAsset: {fileID: 0}
  serializedVersion: 6
  m_Component:
  - component: {fileID: 1841600542550556808}
  m_Layer: 0
  m_Name: VRTK_Hand_Bone_Index_2
  m_TagString: Untagged
  m_Icon: {fileID: 0}
  m_NavMeshLayer: 0
  m_StaticEditorFlags: 0
  m_IsActive: 1
--- !u!4 &1841600542550556808
Transform:
  m_ObjectHideFlags: 0
  m_CorrespondingSourceObject: {fileID: 0}
  m_PrefabInstance: {fileID: 0}
  m_PrefabAsset: {fileID: 0}
  m_GameObject: {fileID: 4830776300498014023}
  m_LocalRotation: {x: 0.016589273, y: 0.0005509528, z: -0.00427627, w: 0.99985313}
  m_LocalPosition: {x: 3.259629e-11, y: 0.00029097364, z: 1.9790605e-11}
  m_LocalScale: {x: 0.9999999, y: 0.99999934, z: 0.99999994}
  m_Children:
  - {fileID: 2532182152994853978}
  m_Father: {fileID: 7653521412575665694}
  m_RootOrder: 0
  m_LocalEulerAnglesHint: {x: 0, y: 0, z: 0}
--- !u!1 &5063911368377707797
GameObject:
  m_ObjectHideFlags: 0
  m_CorrespondingSourceObject: {fileID: 0}
  m_PrefabInstance: {fileID: 0}
  m_PrefabAsset: {fileID: 0}
  serializedVersion: 6
  m_Component:
  - component: {fileID: 1537761373847303754}
  m_Layer: 0
  m_Name: RayOrigin
  m_TagString: Untagged
  m_Icon: {fileID: 0}
  m_NavMeshLayer: 0
  m_StaticEditorFlags: 0
  m_IsActive: 1
--- !u!4 &1537761373847303754
Transform:
  m_ObjectHideFlags: 0
  m_CorrespondingSourceObject: {fileID: 0}
  m_PrefabInstance: {fileID: 0}
  m_PrefabAsset: {fileID: 0}
  m_GameObject: {fileID: 5063911368377707797}
  m_LocalRotation: {x: -0.7071068, y: 0, z: 0, w: 0.7071068}
  m_LocalPosition: {x: 0, y: 0, z: 0}
  m_LocalScale: {x: 1, y: 1, z: 1}
  m_Children: []
  m_Father: {fileID: 5673487009677815226}
  m_RootOrder: 1
  m_LocalEulerAnglesHint: {x: -90, y: 0, z: 0}
--- !u!1 &5202387422778103614
GameObject:
  m_ObjectHideFlags: 0
  m_CorrespondingSourceObject: {fileID: 0}
  m_PrefabInstance: {fileID: 0}
  m_PrefabAsset: {fileID: 0}
  serializedVersion: 6
  m_Component:
  - component: {fileID: 3273490618001687145}
  - component: {fileID: 2924280286062427961}
  m_Layer: 0
  m_Name: VRTK_BasicHand
  m_TagString: Untagged
  m_Icon: {fileID: 0}
  m_NavMeshLayer: 0
  m_StaticEditorFlags: 0
  m_IsActive: 1
--- !u!4 &3273490618001687145
Transform:
  m_ObjectHideFlags: 0
  m_CorrespondingSourceObject: {fileID: 0}
  m_PrefabInstance: {fileID: 0}
  m_PrefabAsset: {fileID: 0}
  m_GameObject: {fileID: 5202387422778103614}
  m_LocalRotation: {x: -0.7071068, y: -0.000000011485015, z: -0.000000005900558, w: 0.7071067}
  m_LocalPosition: {x: -0.0000000030733645, y: 1.1175806e-10, z: -0.000000003958121}
  m_LocalScale: {x: 100, y: 100, z: 100}
  m_Children: []
  m_Father: {fileID: 3379264462785650797}
  m_RootOrder: 1
  m_LocalEulerAnglesHint: {x: 0, y: 0, z: 0}
--- !u!137 &2924280286062427961
SkinnedMeshRenderer:
  m_ObjectHideFlags: 0
  m_CorrespondingSourceObject: {fileID: 0}
  m_PrefabInstance: {fileID: 0}
  m_PrefabAsset: {fileID: 0}
  m_GameObject: {fileID: 5202387422778103614}
  m_Enabled: 1
  m_CastShadows: 1
  m_ReceiveShadows: 1
  m_DynamicOccludee: 1
  m_MotionVectors: 1
  m_LightProbeUsage: 1
  m_ReflectionProbeUsage: 1
  m_RayTracingMode: 0
  m_RenderingLayerMask: 1
  m_RendererPriority: 0
  m_Materials:
  - {fileID: 2100000, guid: 505da226ea252a342922d77e9ca8cdc7, type: 2}
  m_StaticBatchInfo:
    firstSubMesh: 0
    subMeshCount: 0
  m_StaticBatchRoot: {fileID: 0}
  m_ProbeAnchor: {fileID: 0}
  m_LightProbeVolumeOverride: {fileID: 0}
  m_ScaleInLightmap: 1
  m_ReceiveGI: 1
  m_PreserveUVs: 0
  m_IgnoreNormalsForChartDetection: 0
  m_ImportantGI: 0
  m_StitchLightmapSeams: 1
  m_SelectedEditorRenderState: 3
  m_MinimumChartSize: 4
  m_AutoUVMaxDistance: 0.5
  m_AutoUVMaxAngle: 89
  m_LightmapParameters: {fileID: 0}
  m_SortingLayerID: 0
  m_SortingLayer: 0
  m_SortingOrder: 0
  serializedVersion: 2
  m_Quality: 0
  m_UpdateWhenOffscreen: 0
  m_SkinnedMotionVectors: 1
  m_Mesh: {fileID: 2451029525490166063, guid: 84bc52ccce6c3a84ca1ecd46e2bb743c, type: 3}
  m_Bones:
  - {fileID: 3082332675555813201}
  - {fileID: 4184741359767233703}
  - {fileID: 1188852265938446745}
  - {fileID: 7460473112427986607}
  - {fileID: 3170381139250492734}
  - {fileID: 5988297255949100785}
  - {fileID: 5360647552128858998}
  - {fileID: 2806293909331481783}
  - {fileID: 4816862106732828347}
  - {fileID: 4185678876531717554}
  - {fileID: 1256187177662560455}
  - {fileID: 7010545163855592072}
  - {fileID: 819957753443330258}
  - {fileID: 8906197348778049096}
  - {fileID: 8603441868085065748}
  - {fileID: 7653521412575665694}
  - {fileID: 1841600542550556808}
  - {fileID: 2532182152994853978}
  - {fileID: 4230064153169709347}
  - {fileID: 3344362859496541228}
  - {fileID: 5673487009677815226}
  - {fileID: 2819684674137072896}
  - {fileID: 5691796741987878177}
  - {fileID: 5223123447105859955}
  - {fileID: 4480926463736271832}
  - {fileID: 2703371168448013594}
  - {fileID: 3025354051664295452}
  - {fileID: 4341136707272934829}
  - {fileID: 8221604895097015286}
  - {fileID: 1949173733383974810}
  - {fileID: 7814805005372203700}
  - {fileID: 3286423518128512416}
  m_BlendShapeWeights: []
  m_RootBone: {fileID: 3082332675555813201}
  m_AABB:
    m_Center: {x: -0.0002112005, y: 0.0009857364, z: 0.000039128005}
    m_Extent: {x: 0.0009162188, y: 0.0012213757, z: 0.00063829613}
  m_DirtyAABB: 0
--- !u!1 &5245163182026930873
GameObject:
  m_ObjectHideFlags: 0
  m_CorrespondingSourceObject: {fileID: 0}
  m_PrefabInstance: {fileID: 0}
  m_PrefabAsset: {fileID: 0}
  serializedVersion: 6
  m_Component:
  - component: {fileID: 5932747370970968307}
  m_Layer: 0
  m_Name: Armature
  m_TagString: Untagged
  m_Icon: {fileID: 0}
  m_NavMeshLayer: 0
  m_StaticEditorFlags: 0
  m_IsActive: 1
--- !u!4 &5932747370970968307
Transform:
  m_ObjectHideFlags: 0
  m_CorrespondingSourceObject: {fileID: 0}
  m_PrefabInstance: {fileID: 0}
  m_PrefabAsset: {fileID: 0}
  m_GameObject: {fileID: 5245163182026930873}
  m_LocalRotation: {x: -0.7071068, y: 0, z: -0, w: 0.7071067}
  m_LocalPosition: {x: -0, y: 0, z: 0}
  m_LocalScale: {x: 100, y: 100, z: 100}
  m_Children:
  - {fileID: 3082332675555813201}
  m_Father: {fileID: 3379264462785650797}
  m_RootOrder: 0
  m_LocalEulerAnglesHint: {x: 0, y: 0, z: 0}
--- !u!1 &5398270109962297208
GameObject:
  m_ObjectHideFlags: 0
  m_CorrespondingSourceObject: {fileID: 0}
  m_PrefabInstance: {fileID: 0}
  m_PrefabAsset: {fileID: 0}
  serializedVersion: 6
  m_Component:
  - component: {fileID: 5673487009677815226}
  m_Layer: 0
  m_Name: VRTK_Hand_Bone_Index_5_end
  m_TagString: Untagged
  m_Icon: {fileID: 0}
  m_NavMeshLayer: 0
  m_StaticEditorFlags: 0
  m_IsActive: 1
--- !u!4 &5673487009677815226
Transform:
  m_ObjectHideFlags: 0
  m_CorrespondingSourceObject: {fileID: 0}
  m_PrefabInstance: {fileID: 0}
  m_PrefabAsset: {fileID: 0}
  m_GameObject: {fileID: 5398270109962297208}
  m_LocalRotation: {x: -0.00000004933827, y: 0.0000010403746, z: 0.00000003405148,
    w: 1}
  m_LocalPosition: {x: 1.36788e-11, y: 0.0002876282, z: -1.8626451e-11}
  m_LocalScale: {x: 1, y: 1, z: 1}
  m_Children:
  - {fileID: 2016005316911521893}
  - {fileID: 1537761373847303754}
  m_Father: {fileID: 3344362859496541228}
  m_RootOrder: 0
  m_LocalEulerAnglesHint: {x: 0, y: 0, z: 0}
--- !u!1 &5417740575701848227
GameObject:
  m_ObjectHideFlags: 0
  m_CorrespondingSourceObject: {fileID: 0}
  m_PrefabInstance: {fileID: 0}
  m_PrefabAsset: {fileID: 0}
  serializedVersion: 6
  m_Component:
  - component: {fileID: 819957753443330258}
  m_Layer: 0
  m_Name: VRTK_Hand_Bone_Ring_4
  m_TagString: Untagged
  m_Icon: {fileID: 0}
  m_NavMeshLayer: 0
  m_StaticEditorFlags: 0
  m_IsActive: 1
--- !u!4 &819957753443330258
Transform:
  m_ObjectHideFlags: 0
  m_CorrespondingSourceObject: {fileID: 0}
  m_PrefabInstance: {fileID: 0}
  m_PrefabAsset: {fileID: 0}
  m_GameObject: {fileID: 5417740575701848227}
  m_LocalRotation: {x: 0.013002696, y: 0.009675716, z: 0.007098877, w: 0.9998435}
  m_LocalPosition: {x: 6.4028427e-12, y: 0.00022684051, z: -2.3283063e-11}
  m_LocalScale: {x: 0.9999995, y: 0.99999994, z: 0.99999976}
  m_Children:
  - {fileID: 8906197348778049096}
  m_Father: {fileID: 7010545163855592072}
  m_RootOrder: 0
  m_LocalEulerAnglesHint: {x: 0, y: 0, z: 0}
--- !u!1 &5486446859741094831
GameObject:
  m_ObjectHideFlags: 0
  m_CorrespondingSourceObject: {fileID: 0}
  m_PrefabInstance: {fileID: 0}
  m_PrefabAsset: {fileID: 0}
  serializedVersion: 6
  m_Component:
  - component: {fileID: 3286423518128512416}
  m_Layer: 0
  m_Name: VRTK_Hand_Bone_Thumb_4_end
  m_TagString: Untagged
  m_Icon: {fileID: 0}
  m_NavMeshLayer: 0
  m_StaticEditorFlags: 0
  m_IsActive: 1
--- !u!4 &3286423518128512416
Transform:
  m_ObjectHideFlags: 0
  m_CorrespondingSourceObject: {fileID: 0}
  m_PrefabInstance: {fileID: 0}
  m_PrefabAsset: {fileID: 0}
  m_GameObject: {fileID: 5486446859741094831}
  m_LocalRotation: {x: 0.00000025704503, y: 0.0000065155327, z: -0.00000026263297,
    w: 1}
  m_LocalPosition: {x: -1.8626451e-11, y: 0.00027877546, z: -5.122274e-11}
  m_LocalScale: {x: 1, y: 0.99999994, z: 1}
  m_Children:
  - {fileID: 951984494483313406}
  m_Father: {fileID: 7814805005372203700}
  m_RootOrder: 0
  m_LocalEulerAnglesHint: {x: 0, y: 0, z: 0}
--- !u!1 &5666269042376583423
GameObject:
  m_ObjectHideFlags: 0
  m_CorrespondingSourceObject: {fileID: 0}
  m_PrefabInstance: {fileID: 0}
  m_PrefabAsset: {fileID: 0}
  serializedVersion: 6
  m_Component:
  - component: {fileID: 3025354051664295452}
  m_Layer: 0
  m_Name: VRTK_Hand_Bone_Pinkie_5_end
  m_TagString: Untagged
  m_Icon: {fileID: 0}
  m_NavMeshLayer: 0
  m_StaticEditorFlags: 0
  m_IsActive: 1
--- !u!4 &3025354051664295452
Transform:
  m_ObjectHideFlags: 0
  m_CorrespondingSourceObject: {fileID: 0}
  m_PrefabInstance: {fileID: 0}
  m_PrefabAsset: {fileID: 0}
  m_GameObject: {fileID: 5666269042376583423}
  m_LocalRotation: {x: -0.000000013038516, y: -0.0000003091991, z: -0.00000014249235,
    w: 1}
  m_LocalPosition: {x: -7.916242e-11, y: 0.00024436932, z: -8.381903e-11}
  m_LocalScale: {x: 1, y: 1, z: 1}
  m_Children:
  - {fileID: 6308818298447378910}
  m_Father: {fileID: 2703371168448013594}
  m_RootOrder: 0
  m_LocalEulerAnglesHint: {x: 0, y: 0, z: 0}
--- !u!1 &5810346251023087719
GameObject:
  m_ObjectHideFlags: 0
  m_CorrespondingSourceObject: {fileID: 0}
  m_PrefabInstance: {fileID: 0}
  m_PrefabAsset: {fileID: 0}
  serializedVersion: 6
  m_Component:
  - component: {fileID: 5360647552128858998}
  m_Layer: 0
  m_Name: VRTK_Hand_Bone_Middle_4
  m_TagString: Untagged
  m_Icon: {fileID: 0}
  m_NavMeshLayer: 0
  m_StaticEditorFlags: 0
  m_IsActive: 1
--- !u!4 &5360647552128858998
Transform:
  m_ObjectHideFlags: 0
  m_CorrespondingSourceObject: {fileID: 0}
  m_PrefabInstance: {fileID: 0}
  m_PrefabAsset: {fileID: 0}
  m_GameObject: {fileID: 5810346251023087719}
  m_LocalRotation: {x: 0.012997437, y: -0.01056147, z: -0.009060177, w: 0.9998187}
  m_LocalPosition: {x: -8.1490726e-12, y: 0.00026952685, z: 5.820766e-13}
  m_LocalScale: {x: 0.9999999, y: 1.0000001, z: 0.9999997}
  m_Children:
  - {fileID: 2806293909331481783}
  m_Father: {fileID: 5988297255949100785}
  m_RootOrder: 0
  m_LocalEulerAnglesHint: {x: 0, y: 0, z: 0}
--- !u!1 &5848115099715739653
GameObject:
  m_ObjectHideFlags: 0
  m_CorrespondingSourceObject: {fileID: 0}
  m_PrefabInstance: {fileID: 0}
  m_PrefabAsset: {fileID: 0}
  serializedVersion: 6
  m_Component:
  - component: {fileID: 4816862106732828347}
  m_Layer: 0
  m_Name: VRTK_Hand_Bone_Middle_5_end
  m_TagString: Untagged
  m_Icon: {fileID: 0}
  m_NavMeshLayer: 0
  m_StaticEditorFlags: 0
  m_IsActive: 1
--- !u!4 &4816862106732828347
Transform:
  m_ObjectHideFlags: 0
  m_CorrespondingSourceObject: {fileID: 0}
  m_PrefabInstance: {fileID: 0}
  m_PrefabAsset: {fileID: 0}
  m_GameObject: {fileID: 5848115099715739653}
  m_LocalRotation: {x: 0.000000023981556, y: 0.0000052240794, z: -0.00000013655516,
    w: 1}
  m_LocalPosition: {x: 1.1641532e-12, y: 0.0002871669, z: 1.16415315e-11}
  m_LocalScale: {x: 1, y: 1, z: 1}
  m_Children:
  - {fileID: 7110908209727905933}
  m_Father: {fileID: 2806293909331481783}
  m_RootOrder: 0
  m_LocalEulerAnglesHint: {x: 0, y: 0, z: 0}
--- !u!1 &6178093274125352998
GameObject:
  m_ObjectHideFlags: 0
  m_CorrespondingSourceObject: {fileID: 0}
  m_PrefabInstance: {fileID: 0}
  m_PrefabAsset: {fileID: 0}
  serializedVersion: 6
  m_Component:
  - component: {fileID: 4230064153169709347}
  m_Layer: 0
  m_Name: VRTK_Hand_Bone_Index_4
  m_TagString: Untagged
  m_Icon: {fileID: 0}
  m_NavMeshLayer: 0
  m_StaticEditorFlags: 0
  m_IsActive: 1
--- !u!4 &4230064153169709347
Transform:
  m_ObjectHideFlags: 0
  m_CorrespondingSourceObject: {fileID: 0}
  m_PrefabInstance: {fileID: 0}
  m_PrefabAsset: {fileID: 0}
  m_GameObject: {fileID: 6178093274125352998}
  m_LocalRotation: {x: -0.0016236611, y: 0.0061420402, z: -0.019646432, w: 0.9997868}
  m_LocalPosition: {x: 1.3969838e-11, y: 0.00026295712, z: 9.3132255e-12}
  m_LocalScale: {x: 0.99999994, y: 0.99999976, z: 0.99999964}
  m_Children:
  - {fileID: 3344362859496541228}
  m_Father: {fileID: 2532182152994853978}
  m_RootOrder: 0
  m_LocalEulerAnglesHint: {x: 0, y: 0, z: 0}
--- !u!1 &6194550470956129468
GameObject:
  m_ObjectHideFlags: 0
  m_CorrespondingSourceObject: {fileID: 0}
  m_PrefabInstance: {fileID: 0}
  m_PrefabAsset: {fileID: 0}
  serializedVersion: 6
  m_Component:
  - component: {fileID: 4184741359767233703}
  m_Layer: 0
  m_Name: VRTK_Hand_Bone_Wrist
  m_TagString: Untagged
  m_Icon: {fileID: 0}
  m_NavMeshLayer: 0
  m_StaticEditorFlags: 0
  m_IsActive: 1
--- !u!4 &4184741359767233703
Transform:
  m_ObjectHideFlags: 0
  m_CorrespondingSourceObject: {fileID: 0}
  m_PrefabInstance: {fileID: 0}
  m_PrefabAsset: {fileID: 0}
  m_GameObject: {fileID: 6194550470956129468}
  m_LocalRotation: {x: -0.06241539, y: 0.0013942581, z: -0.012309914, w: 0.9979734}
  m_LocalPosition: {x: 5.2375323e-14, y: 0.00007741918, z: -2.1827281e-13}
  m_LocalScale: {x: 1, y: 1, z: 0.99999994}
  m_Children:
  - {fileID: 1188852265938446745}
  m_Father: {fileID: 3082332675555813201}
  m_RootOrder: 0
  m_LocalEulerAnglesHint: {x: 0, y: 0, z: 0}
--- !u!1 &6309483492393970770
GameObject:
  m_ObjectHideFlags: 0
  m_CorrespondingSourceObject: {fileID: 0}
  m_PrefabInstance: {fileID: 0}
  m_PrefabAsset: {fileID: 0}
  serializedVersion: 6
  m_Component:
  - component: {fileID: 3170381139250492734}
  m_Layer: 0
  m_Name: VRTK_Hand_Bone_Middle_2
  m_TagString: Untagged
  m_Icon: {fileID: 0}
  m_NavMeshLayer: 0
  m_StaticEditorFlags: 0
  m_IsActive: 1
--- !u!4 &3170381139250492734
Transform:
  m_ObjectHideFlags: 0
  m_CorrespondingSourceObject: {fileID: 0}
  m_PrefabInstance: {fileID: 0}
  m_PrefabAsset: {fileID: 0}
  m_GameObject: {fileID: 6309483492393970770}
  m_LocalRotation: {x: -0.007938274, y: -0.00033242392, z: 0.033302117, w: 0.9994138}
  m_LocalPosition: {x: -1.5716067e-11, y: 0.00027416812, z: 2.9103829e-12}
  m_LocalScale: {x: 1.0000002, y: 0.9999999, z: 0.99999994}
  m_Children:
  - {fileID: 5988297255949100785}
  m_Father: {fileID: 7460473112427986607}
  m_RootOrder: 0
  m_LocalEulerAnglesHint: {x: 0, y: 0, z: 0}
--- !u!1 &6383408967017758987
GameObject:
  m_ObjectHideFlags: 0
  m_CorrespondingSourceObject: {fileID: 0}
  m_PrefabInstance: {fileID: 0}
  m_PrefabAsset: {fileID: 0}
  serializedVersion: 6
  m_Component:
  - component: {fileID: 2819684674137072896}
  m_Layer: 0
  m_Name: VRTK_Hand_Bone_Pinkie_1
  m_TagString: Untagged
  m_Icon: {fileID: 0}
  m_NavMeshLayer: 0
  m_StaticEditorFlags: 0
  m_IsActive: 1
--- !u!4 &2819684674137072896
Transform:
  m_ObjectHideFlags: 0
  m_CorrespondingSourceObject: {fileID: 0}
  m_PrefabInstance: {fileID: 0}
  m_PrefabAsset: {fileID: 0}
  m_GameObject: {fileID: 6383408967017758987}
  m_LocalRotation: {x: 0.04817962, y: -0.04408986, z: -0.16956107, w: 0.9833534}
  m_LocalPosition: {x: 0.000252988, y: 0.00010712493, z: 0.000013006565}
  m_LocalScale: {x: 0.9999999, y: 1.0000002, z: 1}
  m_Children:
  - {fileID: 5691796741987878177}
  m_Father: {fileID: 1188852265938446745}
  m_RootOrder: 2
  m_LocalEulerAnglesHint: {x: 0, y: 0, z: 0}
--- !u!1 &6672530126888784235
GameObject:
  m_ObjectHideFlags: 0
  m_CorrespondingSourceObject: {fileID: 0}
  m_PrefabInstance: {fileID: 0}
  m_PrefabAsset: {fileID: 0}
  serializedVersion: 6
  m_Component:
  - component: {fileID: 7460473112427986607}
  m_Layer: 0
  m_Name: VRTK_Hand_Bone_Middle_1
  m_TagString: Untagged
  m_Icon: {fileID: 0}
  m_NavMeshLayer: 0
  m_StaticEditorFlags: 0
  m_IsActive: 1
--- !u!4 &7460473112427986607
Transform:
  m_ObjectHideFlags: 0
  m_CorrespondingSourceObject: {fileID: 0}
  m_PrefabInstance: {fileID: 0}
  m_PrefabAsset: {fileID: 0}
  m_GameObject: {fileID: 6672530126888784235}
  m_LocalRotation: {x: 0.04960132, y: 0.02158175, z: -0.05991337, w: 0.9967368}
  m_LocalPosition: {x: -0.000044581437, y: 0.0005361376, z: -0.0000362796}
  m_LocalScale: {x: 0.99999994, y: 1.0000004, z: 1.0000001}
  m_Children:
  - {fileID: 3170381139250492734}
  m_Father: {fileID: 1188852265938446745}
  m_RootOrder: 1
  m_LocalEulerAnglesHint: {x: 0, y: 0, z: 0}
--- !u!1 &7374309936649358722
GameObject:
  m_ObjectHideFlags: 0
  m_CorrespondingSourceObject: {fileID: 0}
  m_PrefabInstance: {fileID: 0}
  m_PrefabAsset: {fileID: 0}
  serializedVersion: 6
  m_Component:
  - component: {fileID: 7110908209727905933}
  m_Layer: 0
  m_Name: VRTK_Hand_Bone_Middle_5_end_end
  m_TagString: Untagged
  m_Icon: {fileID: 0}
  m_NavMeshLayer: 0
  m_StaticEditorFlags: 0
  m_IsActive: 1
--- !u!4 &7110908209727905933
Transform:
  m_ObjectHideFlags: 0
  m_CorrespondingSourceObject: {fileID: 0}
  m_PrefabInstance: {fileID: 0}
  m_PrefabAsset: {fileID: 0}
  m_GameObject: {fileID: 7374309936649358722}
  m_LocalRotation: {x: 0, y: -0, z: -0, w: 1}
  m_LocalPosition: {x: -0, y: 0.0002871667, z: 0}
  m_LocalScale: {x: 1, y: 1, z: 1}
  m_Children: []
  m_Father: {fileID: 4816862106732828347}
  m_RootOrder: 0
  m_LocalEulerAnglesHint: {x: 0, y: 0, z: 0}
--- !u!1 &7559481768403739925
GameObject:
  m_ObjectHideFlags: 0
  m_CorrespondingSourceObject: {fileID: 0}
  m_PrefabInstance: {fileID: 0}
  m_PrefabAsset: {fileID: 0}
  serializedVersion: 6
  m_Component:
  - component: {fileID: 1256187177662560455}
  m_Layer: 0
  m_Name: VRTK_Hand_Bone_Ring_2
  m_TagString: Untagged
  m_Icon: {fileID: 0}
  m_NavMeshLayer: 0
  m_StaticEditorFlags: 0
  m_IsActive: 1
--- !u!4 &1256187177662560455
Transform:
  m_ObjectHideFlags: 0
  m_CorrespondingSourceObject: {fileID: 0}
  m_PrefabInstance: {fileID: 0}
  m_PrefabAsset: {fileID: 0}
  m_GameObject: {fileID: 7559481768403739925}
  m_LocalRotation: {x: 0.041141093, y: -0.0069698393, z: 0.012912389, w: 0.9990456}
  m_LocalPosition: {x: -3.1432135e-11, y: 0.00029618794, z: 9.3132255e-12}
  m_LocalScale: {x: 0.9999998, y: 0.9999999, z: 0.9999999}
  m_Children:
  - {fileID: 7010545163855592072}
  m_Father: {fileID: 4185678876531717554}
  m_RootOrder: 0
  m_LocalEulerAnglesHint: {x: 0, y: 0, z: 0}
--- !u!1 &7594660376971502438
GameObject:
  m_ObjectHideFlags: 0
  m_CorrespondingSourceObject: {fileID: 0}
  m_PrefabInstance: {fileID: 0}
  m_PrefabAsset: {fileID: 0}
  serializedVersion: 6
  m_Component:
  - component: {fileID: 8221604895097015286}
  m_Layer: 0
  m_Name: VRTK_Hand_Bone_Thumb_2
  m_TagString: Untagged
  m_Icon: {fileID: 0}
  m_NavMeshLayer: 0
  m_StaticEditorFlags: 0
  m_IsActive: 1
--- !u!4 &8221604895097015286
Transform:
  m_ObjectHideFlags: 0
  m_CorrespondingSourceObject: {fileID: 0}
  m_PrefabInstance: {fileID: 0}
  m_PrefabAsset: {fileID: 0}
  m_GameObject: {fileID: 7594660376971502438}
  m_LocalRotation: {x: 0.17927942, y: 0.019058134, z: -0.07598473, w: 0.98067427}
  m_LocalPosition: {x: 2.4447217e-11, y: 0.00033730673, z: 9.3132255e-12}
  m_LocalScale: {x: 0.99999976, y: 0.9999999, z: 0.9999999}
  m_Children:
  - {fileID: 1949173733383974810}
  m_Father: {fileID: 4341136707272934829}
  m_RootOrder: 0
  m_LocalEulerAnglesHint: {x: 0, y: 0, z: 0}
--- !u!1 &7669888871263384813
GameObject:
  m_ObjectHideFlags: 0
  m_CorrespondingSourceObject: {fileID: 0}
  m_PrefabInstance: {fileID: 0}
  m_PrefabAsset: {fileID: 0}
  serializedVersion: 6
  m_Component:
  - component: {fileID: 2016005316911521893}
  m_Layer: 0
  m_Name: VRTK_Hand_Bone_Index_5_end_end
  m_TagString: Untagged
  m_Icon: {fileID: 0}
  m_NavMeshLayer: 0
  m_StaticEditorFlags: 0
  m_IsActive: 1
--- !u!4 &2016005316911521893
Transform:
  m_ObjectHideFlags: 0
  m_CorrespondingSourceObject: {fileID: 0}
  m_PrefabInstance: {fileID: 0}
  m_PrefabAsset: {fileID: 0}
  m_GameObject: {fileID: 7669888871263384813}
  m_LocalRotation: {x: 0, y: -0, z: -0, w: 1}
  m_LocalPosition: {x: -0, y: 0.0002876279, z: 0}
  m_LocalScale: {x: 1, y: 1, z: 1}
  m_Children: []
  m_Father: {fileID: 5673487009677815226}
  m_RootOrder: 0
  m_LocalEulerAnglesHint: {x: 0, y: 0, z: 0}
--- !u!1 &8219351094178167006
GameObject:
  m_ObjectHideFlags: 0
  m_CorrespondingSourceObject: {fileID: 0}
  m_PrefabInstance: {fileID: 0}
  m_PrefabAsset: {fileID: 0}
  serializedVersion: 6
  m_Component:
  - component: {fileID: 6308818298447378910}
  m_Layer: 0
  m_Name: VRTK_Hand_Bone_Pinkie_5_end_end
  m_TagString: Untagged
  m_Icon: {fileID: 0}
  m_NavMeshLayer: 0
  m_StaticEditorFlags: 0
  m_IsActive: 1
--- !u!4 &6308818298447378910
Transform:
  m_ObjectHideFlags: 0
  m_CorrespondingSourceObject: {fileID: 0}
  m_PrefabInstance: {fileID: 0}
  m_PrefabAsset: {fileID: 0}
  m_GameObject: {fileID: 8219351094178167006}
  m_LocalRotation: {x: 0, y: -0, z: -0, w: 1}
  m_LocalPosition: {x: -0, y: 0.00024436836, z: 0}
  m_LocalScale: {x: 1, y: 1, z: 1}
  m_Children: []
  m_Father: {fileID: 3025354051664295452}
  m_RootOrder: 0
  m_LocalEulerAnglesHint: {x: 0, y: 0, z: 0}
--- !u!1 &8263033477137965502
GameObject:
  m_ObjectHideFlags: 0
  m_CorrespondingSourceObject: {fileID: 0}
  m_PrefabInstance: {fileID: 0}
  m_PrefabAsset: {fileID: 0}
  serializedVersion: 6
  m_Component:
  - component: {fileID: 7010545163855592072}
  m_Layer: 0
  m_Name: VRTK_Hand_Bone_Ring_3
  m_TagString: Untagged
  m_Icon: {fileID: 0}
  m_NavMeshLayer: 0
  m_StaticEditorFlags: 0
  m_IsActive: 1
--- !u!4 &7010545163855592072
Transform:
  m_ObjectHideFlags: 0
  m_CorrespondingSourceObject: {fileID: 0}
  m_PrefabInstance: {fileID: 0}
  m_PrefabAsset: {fileID: 0}
  m_GameObject: {fileID: 8263033477137965502}
  m_LocalRotation: {x: 0.0030120271, y: -0.01941678, z: 0.014554679, w: 0.999701}
  m_LocalPosition: {x: 5.620677e-12, y: 0.00003536216, z: -1.5133991e-11}
  m_LocalScale: {x: 1.0000001, y: 0.99999976, z: 0.9999999}
  m_Children:
  - {fileID: 819957753443330258}
  m_Father: {fileID: 1256187177662560455}
  m_RootOrder: 0
  m_LocalEulerAnglesHint: {x: 0, y: 0, z: 0}
--- !u!1 &8274596293434998057
GameObject:
  m_ObjectHideFlags: 0
  m_CorrespondingSourceObject: {fileID: 0}
  m_PrefabInstance: {fileID: 0}
  m_PrefabAsset: {fileID: 0}
  serializedVersion: 6
  m_Component:
  - component: {fileID: 5691796741987878177}
  m_Layer: 0
  m_Name: VRTK_Hand_Bone_Pinkie_2
  m_TagString: Untagged
  m_Icon: {fileID: 0}
  m_NavMeshLayer: 0
  m_StaticEditorFlags: 0
  m_IsActive: 1
--- !u!4 &5691796741987878177
Transform:
  m_ObjectHideFlags: 0
  m_CorrespondingSourceObject: {fileID: 0}
  m_PrefabInstance: {fileID: 0}
  m_PrefabAsset: {fileID: 0}
  m_GameObject: {fileID: 8274596293434998057}
  m_LocalRotation: {x: 0.079435095, y: 0.031123998, z: 0.0018178654, w: 0.9963524}
  m_LocalPosition: {x: 5.6752467e-11, y: 0.00052888197, z: -6.984919e-12}
  m_LocalScale: {x: 0.9999999, y: 0.9999999, z: 0.9999995}
  m_Children:
  - {fileID: 5223123447105859955}
  m_Father: {fileID: 2819684674137072896}
  m_RootOrder: 0
  m_LocalEulerAnglesHint: {x: 0, y: 0, z: 0}
--- !u!1 &8295246172877725916
GameObject:
  m_ObjectHideFlags: 0
  m_CorrespondingSourceObject: {fileID: 0}
  m_PrefabInstance: {fileID: 0}
  m_PrefabAsset: {fileID: 0}
  serializedVersion: 6
  m_Component:
  - component: {fileID: 8603441868085065748}
  m_Layer: 0
  m_Name: VRTK_Hand_Bone_Ring_5_end
  m_TagString: Untagged
  m_Icon: {fileID: 0}
  m_NavMeshLayer: 0
  m_StaticEditorFlags: 0
  m_IsActive: 1
--- !u!4 &8603441868085065748
Transform:
  m_ObjectHideFlags: 0
  m_CorrespondingSourceObject: {fileID: 0}
  m_PrefabInstance: {fileID: 0}
  m_PrefabAsset: {fileID: 0}
  m_GameObject: {fileID: 8295246172877725916}
  m_LocalRotation: {x: 0.0000000036088754, y: -0.0000024928013, z: 0.00000015208205,
    w: 1}
  m_LocalPosition: {x: 1.2405507e-11, y: 0.000279193, z: -5.5297277e-12}
  m_LocalScale: {x: 1, y: 1, z: 0.99999994}
  m_Children:
  - {fileID: 4068772527054407210}
  m_Father: {fileID: 8906197348778049096}
  m_RootOrder: 0
  m_LocalEulerAnglesHint: {x: 0, y: 0, z: 0}
--- !u!1 &9194906169739569396
GameObject:
  m_ObjectHideFlags: 0
  m_CorrespondingSourceObject: {fileID: 0}
  m_PrefabInstance: {fileID: 0}
  m_PrefabAsset: {fileID: 0}
  serializedVersion: 6
  m_Component:
  - component: {fileID: 2532182152994853978}
  m_Layer: 0
  m_Name: VRTK_Hand_Bone_Index_3
  m_TagString: Untagged
  m_Icon: {fileID: 0}
  m_NavMeshLayer: 0
  m_StaticEditorFlags: 0
  m_IsActive: 1
--- !u!4 &2532182152994853978
Transform:
  m_ObjectHideFlags: 0
  m_CorrespondingSourceObject: {fileID: 0}
  m_PrefabInstance: {fileID: 0}
  m_PrefabAsset: {fileID: 0}
  m_GameObject: {fileID: 9194906169739569396}
  m_LocalRotation: {x: -0.037382986, y: -0.021281574, z: -0.022001691, w: 0.9988321}
  m_LocalPosition: {x: 2.3283064e-12, y: 0.000033375796, z: 4.6566128e-12}
  m_LocalScale: {x: 1.0000002, y: 1.0000005, z: 1.0000001}
  m_Children:
  - {fileID: 4230064153169709347}
  m_Father: {fileID: 1841600542550556808}
  m_RootOrder: 0
  m_LocalEulerAnglesHint: {x: 0, y: 0, z: 0}
